 Dungeon Sprint DCSS version 0.17-a0-1582-ge6b0260 (webtiles) character file.

1091 Jb9000 the Protected (level 8, -5/56 HPs)
             Began as a Gargoyle Fighter on July 27, 2015.
             Was an Initiate of Makhleb.
             Slain by a centaur warrior (8 damage)
             ... in the Dungeon (Sprint I: "Red Sonja").
             The game lasted 00:06:44 (601 turns).

Jb9000 the Protected (Gargoyle Fighter)              Turns: 601, Time: 00:06:44

Health: -5/56      AC: 13    Str: 19    XL:     8   Next: 31%
Magic:  13/13      EV: 10    Int: 11    God:    Makhleb [......]
Gold:   295        SH: 11    Dex: 10    Spells: 0 memorised, 14 levels left

rFire  . . .     SeeInvis .     a - +0 flail
rCold  . . .     Clarity  .     b - +0 scale mail
rNeg   + . .     SustAt   .     c - +0 shield
rPois  ∞         Gourm    .     (no helmet)
rElec  +         Spirit   .     (no cloak)
rCorr  .         Warding  .     (no gloves)
rMut   .         NoTele   +     (no boots)
MR     .....                    (no amulet)
Stlth  ++........               (no ring)
                                (no ring)

@: very slightly contaminated, not resistant to hostile enchantments, unstealthy
A: negative energy resistance 1, electricity resistance, unbreathing,
petrification resistance, rot immunity, AC +5
a: Renounce Religion


You were in the Dungeon.
You worshipped Makhleb.
Makhleb was noncommittal.
You were not hungry.

You visited 1 branch You collected 405 gold pieces.
You spent 110 gold pieces at shops.

Inventory:

Hand weapons
 a - a +0 flail (weapon)
Missiles
 d - 6 curare-tipped needles (quivered)
Armour
 b - a +0 scale mail (worn)
 c - a +0 shield (worn)
Potions
 f - a potion of curing
 g - a potion of heal wounds
 i - 2 potions of magic
Comestibles
 e - a bread ration


   Skills:
 + Level 9.3 Fighting
 + Level 6.2 Maces & Flails
 + Level 4.0 Throwing
 + Level 9.5 Armour
 + Level 3.4 Dodging
 * Level 7.1 Stealth
 + Level 9.3 Shields
 + Level 3.6 Spellcasting


You had 14 spell levels left.
You didn't know any spells.

Dungeon Overview and Level Annotations

Branches:
Dungeon (1/1)

Altars:
Cheibriados
Dithmenos
Elyvilon
Fedhas
Gozag
Kikubaaqudgha
Makhleb
Nemelex Xobeh
Okawaru
Qazlal
Ru
Sif Muna
Trog
Vehumet
Xom
Yredelemnul
Zin
The Shining One
Jiyva

Shops:
D *%


Innate Abilities, Weirdness & Mutations

You are resistant to torment.
Your stone body is resilient (AC +5).
You are immune to poison.
You resist negative energy.
You are resistant to electric shocks.
You can survive without breathing.
You are immune to petrification.
You are immune to rotting.


Message History

The arrow burns you.
* * * LOW HITPOINT WARNING * * *
You hear a splash.
You block the deep troll's attack. The deep troll closely misses you.
The deep troll closely misses you.
You see here 3 arrows.
The centaur warrior unwields an uncursed shortbow.
You block the centaur warrior's attack.
The centaur warrior unwields an uncursed longbow of flaming.
It stops flaming.
The centaur warrior barely misses you. You block the centaur warrior's attack.
You hit the deep troll but do no damage.
The centaur warrior hits you but does no damage.
You block the centaur warrior's attack. x2
The deep troll misses you. The deep troll barely misses you.
The deep troll closely misses you.
You hit the centaur warrior but do no damage.
The centaur warrior hits you but does no damage.
The centaur warrior hits you!
You die...

################
#..)..#..'..#__#
').#..').#..'..+
#####'#####'#__####
####..#..(#[####§§#
#__####.(##.#(§§§c#
#_..__##(#(.'≈§T@§+
#_.∩...((((_#≈§§§c#
#_..._##_.#'##+####
#_____###'#(#
#########(####+###
.......'..§'$$.$$+
++++####..(#######
##.## #+#


You could see 2 centaur warriors and a deep troll.

Vanquished Creatures
  A slime creature (D)
  Sigmund (D)
  A yak (D)
  An ogre (D)
  A jelly (D)
  Ijyb (D)
6 creatures vanquished.

Vanquished Creatures (others)
  Sonja (D)
1 creature vanquished.

Grand Total: 7 creatures vanquished

Notes
Turn   | Place    | Note
--------------------------------------------------------------
     0 | D        | Jb9000 the Gargoyle Fighter began the quest for the Orb.
     0 | D        | Reached XP level 1. HP: 14/14 MP: 1/1
     8 | D        | Noticed Ijyb
    28 | D        | Killed Ijyb
    28 | D        | Reached skill level 4 in Fighting
    28 | D        | Reached XP level 2. HP: 16/20 MP: 2/2
    28 | D        | Reached XP level 3. HP: 20/25 MP: 3/3
    31 | D        | Noticed an ogre
    38 | D        | Killed an ogre
    38 | D        | Reached skill level 6 in Fighting
    38 | D        | Reached XP level 4. HP: 32/32 MP: 4/4
   110 | D        | Noticed Sigmund
   119 | D        | Killed Sigmund
   119 | D        | Reached skill level 8 in Fighting
   119 | D        | Reached XP level 5. HP: 35/39 MP: 5/5
   119 | D        | Reached XP level 6. HP: 39/44 MP: 6/6
   135 | D        | Found a snail-covered altar of Cheibriados.
   135 | D        | Found a shadowy altar of Dithmenos.
   135 | D        | Noticed a slime creature
   136 | D        | Found a viscous altar of Jiyva.
   136 | D        | Found a blossoming altar of Fedhas.
   143 | D        | Killed a slime creature
   143 | D        | Reached skill level 5 in Maces & Flails
   143 | D        | Reached XP level 7. HP: 24/50 MP: 6/10
   145 | D        | Found a deep blue altar of Sif Muna.
   146 | D        | Noticed a jelly
   147 | D        | Found a radiant altar of Vehumet.
   150 | D        | Killed a jelly
   320 | D        | Found Reumil's Food Emporium.
   320 | D        | Found a white marble altar of Elyvilon.
   320 | D        | Found a burning altar of Makhleb.
   320 | D        | Found a sacrificial altar of Ru.
   320 | D        | Found a glowing golden altar of the Shining One.
   320 | D        | Found an opulent altar of Gozag.
   320 | D        | Found a glowing silver altar of Zin.
   320 | D        | Noticed a yak
   333 | D        | Killed a yak
   333 | D        | Reached skill level 9 in Armour
   333 | D        | Reached skill level 5 in Stealth
   334 | D        | Found a stormy altar of Qazlal.
   334 | D        | Found a basalt altar of Yredelemnul.
   334 | D        | Found an iron altar of Okawaru.
   334 | D        | Found a sparkling altar of Nemelex Xobeh.
   334 | D        | Found a shimmering altar of Xom.
   334 | D        | Found an ancient bone altar of Kikubaaqudgha.
   335 | D        | Found a bloodstained altar of Trog.
   352 | D        | Became a worshipper of Makhleb the Destroyer
   358 | D        | Noticed Sonja
   549 | D        | Killed Sonja
   549 | D        | Reached XP level 8. HP: 35/56 MP: 10/13
   564 | D        | Found Urits's Assorted Antiques.
   572 | D        | Bought a potion of heal wounds for 110 gold pieces
   584 | D        | Noticed a deep troll
   595 | D        | Noticed a centaur warrior
   597 | D        | Noticed a centaur warrior
   601 | D        | Slain by a centaur warrior

Vault maps used:
D:        dungeon_sprint_1

Action                   |  1- 3 |  4- 6 |  7- 9 || total
-------------------------+-------+-------+-------++-------
Melee: Flail             |    25 |    14 |    92 ||   131
  Use: Potion            |     1 |     1 |     3 ||     5
       Scroll            |       |       |     2 ||     2
